 Dungeon Crawl Stone Soup version 0.17-a0-1230-g8afc29e (webtiles) character file.

112 MonkeyBuisness the Covered (level 4, 0/28 HPs)
             Began as a Gargoyle Fighter on June 5, 2015.
             Killed by divine providence
             ... invoked by an orc priest
              (10 damage)
             ... on level 3 of the Dungeon.
             The game lasted 00:04:58 (2140 turns).

MonkeyBuisness the Covered (Gargoyle Fighter)       Turns: 2140, Time: 00:04:58

Health: 0/28       AC: 10    Str: 20    XL:     4   Next: 95%
Magic:  4/4        EV:  8    Int:  8    God:
Gold:   84         SH:  9    Dex: 10    Spells: 0 memorised, 3 levels left

rFire  . . .     SeeInvis .     a - +0 flail
rCold  . . .     Clarity  .     b - +0 scale mail
rNeg   + . .     SustAt   .     c - +0 shield
rPois  ∞         Gourm    .     (no helmet)
rElec  +         Spirit   .     (no cloak)
rCorr  .         Warding  .     (no gloves)
rMut   .         Stasis   .     (no boots)
MR     .....                    (no amulet)
Stlth  ..........               (no ring)
                                (no ring)

@: not resistant to hostile enchantments, extremely unstealthy
A: negative energy resistance 1, electricity resistance, unbreathing,
petrification resistance, rot immunity, AC +3
a: no special abilities


You were on level 3 of the Dungeon.
You were full.

You visited 1 branch of the dungeon, and saw 3 of its levels.

You collected 84 gold pieces.

Inventory:

Hand weapons
 a - a +0 flail (weapon)
Armour
 b - a +0 scale mail (worn)
 c - a +0 shield (worn)
Jewellery
 i - an uncursed amulet of warding {unknown}
   (You found it on level 1 of the Dungeon)
Scrolls
 f - 2 scrolls of enchant weapon {unknown}
 k - a scroll of recharging {unknown}
 n - a scroll of fear {unknown}
 o - 2 scrolls of enchant armour {unknown}
 p - a scroll of noise {unknown}
 r - a scroll of magic mapping {unknown}
 s - a scroll of blinking {unknown}
 t - a scroll of remove curse {unknown}
Potions
 d - 2 potions of might
 g - a potion of heal wounds {unknown}
 h - 3 potions of agility {unknown}
 m - 3 potions of curing {unknown}
 q - a potion of mutation {unknown}
 u - a potion of lignification {unknown}
Comestibles
 e - 3 bread rations {@e1}
 j - a royal jelly
 l - a meat ration {@e2}


   Skills:
 + Level 3.6 Fighting
 + Level 3.0 Maces & Flails
 + Level 4.0 Armour
 + Level 1.6 Dodging
 + Level 3.8 Shields


You had 3 spell levels left.
You didn't know any spells.

Dungeon Overview and Level Annotations

Branches:
Dungeon (3/15)

Altars:
Ashenzari
Qazlal
The Shining One


Innate Abilities, Weirdness & Mutations

You are resistant to torment.
Your stone body is resilient (AC +3).
You are immune to poison.
You resist negative energy.
You are resistant to electric shocks.
You can survive without breathing.
You are immune to petrification.
You are immune to rotting.


Message History

You block the jackal's attack.
The jackal bites you but does no damage.
You thump the jackal!
You kill the jackal!
The jackal bites you but does no damage.
You closely miss the jackal. The jackal barely misses you.
The jackal barely misses you.
You hit the jackal.
The jackal bites you but does no damage.
You block the jackal's attack.
You hit the jackal. You block the jackal's attack.
The jackal bites you but does no damage.
Your shield and scale mail prevent you from hitting the jackal.
The jackal bites you but does no damage. x2
You barely miss the jackal. The jackal bites you. The jackal barely misses you.
You take 2 damage, and have 24/28 hp.
You closely miss the jackal.
The jackal bites you but does no damage.
You closely miss the jackal.
The jackal bites you but does no damage.
You block the jackal's attack.
You completely miss the jackal. The jackal barely misses you.
You block the jackal's attack.
You thump the jackal!
You kill the jackal!
No target in view!
You now have 61 gold pieces (gained 2).
You see here a jackal corpse.
You see here a jackal corpse.
You see here a jackal corpse.
You now have 68 gold pieces (gained 7).
You see here a jackal corpse.
h - 3 ruby potions (gained 1)
You now have 84 gold pieces (gained 16).
Found a stone staircase leading down.
Health restored: 28
There is a stone staircase leading down here.
You found a shaft!
There is a stone staircase leading down here.
Terence the Incautious comes into view.
He is wielding a mace.
Terence shouts!
Terence hits you but does no damage.
You hit Terence. Terence hits you but does no damage.
You hit Terence but do no damage. You block Terence's attack.
You hit Terence. Terence hits you but does no damage.
You sock Terence! Terence hits you but does no damage.
You barely miss Terence. You block Terence's attack.
You closely miss Terence. Terence hits you with a mace.
You block Terence's attack.
You take 4 damage, and have 24/28 hp.
You hit Terence but do no damage. Terence barely misses you.
You closely miss Terence. Terence hits you but does no damage.
You hit Terence but do no damage.
Terence asks, "Do you want it fast or slow?"
Terence hits you but does no damage.
You hit Terence. You block Terence's attack.
You completely miss Terence. Terence hits you but does no damage.
You hit Terence.
You kill Terence!
Your Maces & Flails skill increases to level 3!
Your Armour skill increases to level 4!
No target in view!
No target in view!
Found a shattered altar of Ashenzari.
u - a metallic cyan potion
Things that are here:
a mace; a chain mail; the human corpse of Terence
Okay, then.
A hobgoblin comes into view. It is wielding a club.
The hobgoblin shouts!
You hit the hobgoblin.
You kill the hobgoblin!
No target in view!
No target in view!
No target in view!
No target in view!
No target in view!
Things that are here:
a club; a hobgoblin corpse You enter a teleport trap!
The teleport trap disappears.
Your surroundings suddenly seem different.
An orc, an orc warrior and an orc priest come into view.
The orc priest shouts!
The orc shouts!
An orc comes into view. It is wielding a club.
The orc shouts!
The orc priest hits you with a flail.
You take 2 damage, and have 24/28 hp.
You barely miss the orc priest.
The orc priest looks braver.
You hit the orc priest but do no damage.
You hit the orc warrior. The orc warrior barely misses you.
The orc priest calls down the wrath of Beogh upon you.
Something smites you!
Ouch! That really hurt!
You take 15 damage, and have 9/28 hp.
MASSIVE DAMAGE!!
The orc priest mumbles some strange prayers to Beogh against you.
Something smites you!
You die...

.#..###.# ##.#.##.# # #..##.#.#
#. ...#....########.##
....##.............
...###...##### #.#.######## ..##
#...# #..#..=.... ..##
#)..#########...##.###.#.#.
##.###.(.##.....@.o.oo.........#
..............####..(##o#####..#
...###..###.#.# #.####.#
...###.## ##..# #.# #o# ...##.##
##.####.# #o# ..<##.# #......#
#o# ......## ##.###### #.#
#..###.## ##..# ...
##.####.###.#.##### #..


You could see an orc warrior, an orc priest and 2 orcs.

Vanquished Creatures
  Terence (D:3)
  An adder (D:2)
  2 worms (D:2)
  2 adder skeletons (D:2)
  3 giant geckos
  4 bats
  2 bat skeletons (D:2)
  2 bat zombies (D:2)
  2 giant cockroaches
  12 goblins
  8 hobgoblins
  4 jackals (D:3)
  3 quokkas (D:2)
  A ball python skeleton (D:2)
  A giant cockroach zombie (D:2)
  3 giant newts
  A jackal zombie (D:2)
  3 kobolds
  7 rats
62 creatures vanquished.

Notes
Turn   | Place    | Note
--------------------------------------------------------------
     0 | D:1      | MonkeyBuisness the Gargoyle Fighter began the quest for the Orb.
     0 | D:1      | Reached XP level 1. HP: 14/14 MP: 1/1
   309 | D:1      | Reached XP level 2. HP: 19/19 MP: 2/2
   650 | D:1      | Reached XP level 3. HP: 20/23 MP: 3/3
  1006 | D:2      | Reached skill level 1 in Dodging
  1260 | D:2      | Reached XP level 4. HP: 15/28 MP: 4/4
  1608 | D:2      | Found a glowing golden altar of the Shining One.
  1674 | D:2      | Found a stormy altar of Qazlal.
  2098 | D:3      | Noticed Terence
  2112 | D:3      | Killed Terence
  2112 | D:3      | Reached skill level 3 in Maces & Flails
  2112 | D:3      | Reached skill level 4 in Armour
  2113 | D:3      | Found a shattered altar of Ashenzari.
  2128 | D:3      | Noticed an orc warrior
  2140 | D:3      | Killed from afar by an orc priest

Vault maps used:
D:1:      dpeg_arrival_court, hex_large
D:2:      nicolae_qazlal_general_emergency, lemuel_doored_altar, serial_undead,
          serial_undead_a, serial_undead_a, serial_undead_c, serial_undead_a,
          first_bread
D:3:      nicolae_ashenzari_panopticon, uniq_terence, uniq_jessica, uniq_iyjb

Action                   |  1- 3 |  4- 6 || total
-------------------------+-------+-------++-------
Melee: Flail             |   149 |    89 ||   238
  Eat: Meat ration       |     1 |       ||     1
       Bread ration      |     1 |       ||     1

Vault maps used:
D:1:      dpeg_arrival_court, hex_large
D:2:      nicolae_qazlal_general_emergency, lemuel_doored_altar, serial_undead,
          serial_undead_a, serial_undead_a, serial_undead_c, serial_undead_a,
          first_bread
D:3:      nicolae_ashenzari_panopticon, uniq_terence, uniq_jessica, uniq_iyjb

Table legend:
 A = Turns spent in this place as a percentage of turns spent in the entire game.
 B = Non-inter-level travel turns spent in this place as a percentage of non-inter-level travel turns spent in the entire game.
 C = Inter-level travel turns spent in this place as a percentage of turns spent in this place.
 D = Turns resting spent in this place as a percentage of non-inter-level travel turns spent in this place.
 E = Turns spent auto-exploring this place as a percentage of non-inter-level travel turns spent in this place.
 F = Non-inter-level travel turns spent in this place divided by the number of levels of this place that you've seen.
                   A       B       C       D       E      F
               +-------+-------+-------+-------+-------+----------------------
         Total | 100.0 | 100.0 |   0.4 |   1.1 |  11.5 | 238.0
       Dungeon | 100.0 | 100.0 |   0.4 |   1.1 |  11.5 | 238.0
               +-------+-------+-------+-------+-------+----------------------

Table legend:
 A = Kills in this place as a percentage of kills in entire the game.
 B = Kills by you in this place as a percentage of kills by you in the entire game.
 C = Kills by friends in this place as a percentage of kills by friends in the entire game.
 D = Other kills in this place as a percentage of other kills in the entire game.
 E = Experience gained in this place as a percentage of experience gained in the entire game.
 F = Experience gained in this place divided by the number of levels of this place that you have seen.
                   A       B       C       D       E      F
               +-------+-------+-------+-------+-------+----------------------
         Total | 100.0 | 100.0 |  -nan |  -nan | 100.0 |  53.7
       Dungeon | 100.0 | 100.0 |  -nan |  -nan | 100.0 |  53.7
               +-------+-------+-------+-------+-------+----------------------
